 Dungeon Crawl Stone Soup version 0.19-a0-1861-g35def1e (webtiles) character file.

4295 Naow the Severer (level 10, 0/115 HPs)
             Began as a Minotaur Berserker on Oct 12, 2016.
             Was an Elder of Trog.
             Slain by an 11-headed hydra (14 damage)
             ... on level 8 of the Dungeon.
             The game lasted 00:08:51 (6845 turns).

Naow the Severer (Minotaur Berserker)               Turns: 6845, Time: 00:08:51

Health: 0/115      AC:  9    Str: 28    XL:     10   Next: 11%
Magic:  18/18      EV:  8    Int:  7    God:    Trog [****..]
Gold:   430        SH:  8    Dex: 11    Spells: 0 memorised, 9 levels left

rFire  . . .     SeeInvis .     a - +0 hand axe
rCold  . . .     Gourm    +     q - +0 scale mail
rNeg   . . .     Faith    .     O - +0 shield
rPois  .         Spirit   .     (helmet restricted)
rElec  .         Dismiss  .     e - +0 cloak
rCorr  .         Reflect  .     h - +0 pair of gloves
MR     ++...     Harm     .     E - +0 pair of boots
Stlth  ..........               w - amulet of the gourmand
                                u - +2 ring of strength
                                l - ring of magical power (curse)

@: berserking, regenerating, very quick
A: retaliatory headbutt, horns 2
a: Berserk, Trog's Hand, Brothers in Arms, Burn Spellbooks, Renounce Religion


You were on level 8 of the Dungeon.
You worshipped Trog.
Trog was greatly pleased with you.
You were very full.

You visited 1 branch of the dungeon, and saw 8 of its levels.

You collected 430 gold pieces.

Inventory:

Hand Weapons
 a - a +0 hand axe (weapon)
 L - a +3 battleaxe
Armour
 b - a +0 animal skin
 e - a +0 cloak (worn)
 h - a +0 pair of gloves (worn)
 q - a +0 scale mail (worn)
 E - a +0 pair of boots (worn)
 O - a +0 shield (worn)
Jewellery
 l - a cursed ring of magical power (left hand)
 r - an uncursed ring of flight
 u - a +2 ring of strength (right hand)
 w - an amulet of the gourmand (around neck)
 N - an uncursed amulet of regeneration {unknown}
 S - an uncursed ring of protection from fire {unknown}
Wands
 F - a wand of acid (6/15)
 Q - a wand of polymorph (13/24)
 R - a wand of slowing (15/48)
Scrolls
 k - 6 scrolls of teleportation {unknown}
 n - 2 scrolls of magic mapping {unknown}
 p - 7 scrolls of identify {unknown}
 v - a scroll of recharging {unknown}
 y - a scroll of enchant armour {unknown}
 D - 2 scrolls of enchant weapon {unknown}
 G - a scroll of remove curse {unknown}
 I - a scroll of amnesia {unknown}
 K - 2 scrolls of fear {unknown}
 T - a scroll of noise {unknown}
Potions
 d - 3 potions of brilliance {unknown}
 f - 2 potions of lignification {unknown}
 g - 4 potions of heal wounds {unknown}
 i - 4 potions of ambrosia {unknown}
 j - 3 potions of curing {unknown}
 m - a potion of haste {unknown}
 s - a potion of magic {unknown}
 x - a potion of invisibility {unknown}
 z - a potion of might {unknown}
 A - a potion of mutation {unknown}
 C - 2 potions of agility {unknown}
 J - a potion of cancellation {unknown}
 M - a potion of berserk rage {unknown}
Books
 t - a book of Misfortune

   Spells                             Type                      Level
   a - Confusing Touch                Hexes                        1
   b - Confuse                        Hexes                        3
   c - Gell's Gravitas                Hexes/Translocation          3
   d - Petrify                        Transmutation/Earth          4
   e - Metabolic Englaciation         Hexes/Ice                    5
   f - Yara's Violent Unravelling     Hexes/Transmutation          5
   Trog disapproves of the use of such an item.
 H - a book of Maledictions

   Spells                             Type                      Level
   a - Corona                         Hexes                        1
   b - Ensorcelled Hibernation        Hexes/Ice                    2
   c - Confuse                        Hexes                        3
   d - Tukima's Dance                 Hexes                        3
   e - Dazzling Spray                 Conjuration/Hexes            3
   Trog disapproves of the use of such an item.
Comestibles
 c - 6 bread rations
 o - 2 meat rations
 B - 2 royal jellies
 P - a chunk of flesh
 U - 12 fruits
 V - 6 slices of pizza


   Skills:
 - Level 3.6 Fighting
 + Level 16.6 Axes
 - Level 2.4 Armour
 - Level 2.1 Dodging


You had 9 spell levels left.
You didn't know any spells.

Dungeon Overview and Level Annotations

Branches:
Dungeon (8/15)             Temple (0/1) D:5
   Lair: D:8-11

Altars:

Shops:
D:4 [   D:8 (


Innate Abilities, Weirdness & Mutations

You reflexively headbutt those who attack you in melee.
You have a pair of horns on your head.


Message History

* * * LOW HITPOINT WARNING * * *
You block the nine-headed hydra's attack.
You lop one of the nine-headed hydra's heads off!
The eight-headed hydra grows two more!
You slash the ten-headed hydra!
The ten-headed hydra is heavily wounded.
You hack one of the ten-headed hydra's heads off!
The nine-headed hydra grows two more!
You slash the 11-headed hydra!
The 11-headed hydra is heavily wounded.
The 11-headed hydra closely misses you. The 11-headed hydra bites you!
* * * LOW HITPOINT WARNING * * *
The 11-headed hydra bites you.
* * * LOW HITPOINT WARNING * * *
The 11-headed hydra barely misses you.
The 11-headed hydra bites you but does no damage.
You block the 11-headed hydra's attack.
The 11-headed hydra bites you but does no damage.
The 11-headed hydra bites you!
* * * LOW HITPOINT WARNING * * *
The 11-headed hydra bites you!
You die...

. #.....## ....####....
............
##############....
#..#.....#######..
#..'....≈##.......
#..'.P..)##.####..
#..'....≈...# #..
#@.#....)#..# #..
#D##P≈P.≈##.####.. ###
#K.#≈≈≈≈P##....... #.#
#.)+.P≈PP#..#####. #.#
############# #.#. #.#
#.#.#####...
#.##########.#.........
#.........##.#.###.#...
#.#######.##.#.# #.#.#.


You could see a 11-headed hydra and a big kobold.

Vanquished Creatures
  The ghost of Naow the Cleaver, a novice MiBe of Trog (D:7)
  The ghost of Naow the Cleaver, a novice MiBe of Trog (D:4)
  Joseph (D:7)
  The ghost of veneficus the Carver, an amateur MiBe of Trog (D:6)
  2 dream sheep (D:8)
  2 yaks (D:8)
  A sky beast (D:8)
  3 ice beasts
  An orc warrior (D:6)
  2 ogres
  A centaur (D:8)
  A necrophage (D:7)
  2 big kobolds (D:8)
  2 bullfrogs
  A scorpion (D:5)
  5 killer bees (D:7)
  A howler monkey (D:4)
  3 wights (D:6)
  2 crimson imps
  A bullfrog zombie (D:8)
  2 jellies
  3 hounds
  2 orc priests
  4 orc wizards
  3 iguanas
  7 worker ants
  A hound skeleton (D:4)
  11 adders
  An ooze (D:3)
  An adder zombie (D:1)
  3 worms
  3 leopard geckos
  17 orcs
  2 ball pythons (D:1)
  9 bats
  7 giant cockroaches
  9 goblins
  10 hobgoblins
  9 jackals
  7 kobolds
  5 quokkas
  A ball python zombie (D:1)
  4 frilled lizards
  A leopard gecko zombie (D:6)
  5 rats
161 creatures vanquished.

Notes
Turn   | Place    | Note
-------+----------+-------------------------------------------
     0 | D:1      | Naow the Minotaur Berserker began the quest for the Orb.
     0 | D:1      | Reached XP level 1. HP: 19/19 MP: 0/0
    23 | D:1      | Reached skill level 4 in Axes
    95 | D:1      | Reached XP level 2. HP: 20/26 MP: 1/1
   494 | D:1      | Reached skill level 5 in Axes
   546 | D:1      | Reached XP level 3. HP: 23/31 MP: 2/2
   830 | D:2      | Reached ** piety under Trog
  1106 | D:2      | Reached XP level 4. HP: 34/39 MP: 3/3
  1399 | D:3      | Reached skill level 6 in Axes
  1424 | D:3      | Reached XP level 5. HP: 5/45 MP: 4/4
  1809 | D:3      | Reached skill level 7 in Axes
  2491 | D:4      | Noticed Naow's ghost (novice MiBe)
  2503 | D:4      | Killed Naow's ghost
  2503 | D:4      | Reached skill level 9 in Axes
  2503 | D:4      | Reached XP level 6. HP: 34/51 MP: 5/5
  2503 | D:4      | Reached XP level 7. HP: 38/57 MP: 6/6
  2852 | D:4      | Reached skill level 10 in Axes
  2963 | D:4      | Found Kex Kog's Armour Shop.
  3055 | D:5      | Entered Level 5 of the Dungeon
  3170 | D:5      | Found a staircase to the Ecumenical Temple.
  3386 | D:5      | Reached skill level 11 in Axes
  3552 | D:6      | Reached *** piety under Trog
  3555 | D:6      | Reached XP level 8. HP: 53/64 MP: 7/7
  3772 | D:6      | Reached skill level 12 in Axes
  3830 | D:6      | Noticed veneficus's ghost (amateur MiBe)
  3849 | D:6      | Killed veneficus's ghost
  4320 | D:6      | Reached skill level 13 in Axes
  4621 | D:7      | Noticed Joseph
  4638 | D:7      | Killed Joseph
  5044 | D:7      | Reached XP level 9. HP: 66/70 MP: 8/8
  5060 | D:7      | Reached skill level 14 in Axes
  5406 | D:7      | Noticed Naow's ghost (novice MiBe)
  5427 | D:7      | Killed Naow's ghost
  5511 | D:7      | Reached skill level 15 in Axes
  6137 | D:8      | Found Yciriop's Weapon Shoppe.
  6660 | D:8      | Reached skill level 16 in Axes
  6762 | D:8      | Reached **** piety under Trog
  6768 | D:8      | Reached XP level 10. HP: 77/77 MP: 9/9
  6834 | D:8      | Noticed a three-headed hydra
  6845 | D:8      | Slain by an 11-headed hydra

Vault maps used:
D:1:      saegor_arrival_fortress
D:4:      serial_shops, nicolae_shop_statue_plus, first_bread
D:7:      minivault_26, uniq_joseph
D:8:      serial_shops, shop, hangedman_ranch, grunt_decor_mini_mirrors,
          uniq_erica

Skill      XL: |  1  2  3  4  5  6  7  8  9 |
---------------+----------------------------+-----
Axes           | 4 5 6 9 11 13 16 | 16.6
Fighting       | |  3.6
Armour         | |  2.4
Dodging        | |  2.1

Action                   |  1- 3 |  4- 6 |  7- 9 | 10-12 || total
-------------------------+-------+-------+-------+-------++-------
Melee: Hand axe          |   103 |    80 |   386 |    14 ||   583
       Headbutt          |    14 |    11 |    77 |     3 ||   105
Invok: Berserk           |       |     2 |     9 |     1 ||    12
       Trog's Hand       |       |     1 |     4 |     1 ||     6
  Eat: Chunk             |     1 |     5 |    37 |     2 ||    45
Armor: Animal skin       |    25 |     3 |       |       ||    28
       Scale mail        |       |    28 |   104 |     8 ||   140
Dodge: Dodged            |    72 |    47 |   108 |     8 ||   235
Block: Shield            |       |       |    20 |     4 ||    24
